 Dungeon Crawl Stone Soup version 0.28.0-49-g6dfe1f597d (webtiles) character file.

Game seed: 8009738989789391498

894 sanboga the Covered (level 8, -8/50 HPs)
             Began as a Gargoyle Fighter on May 18, 2022.
             Was an Initiate of Trog.
             Mangled by an ogre
             ... wielding a +0 giant spiked club
              (25 damage)
             ... on level 5 of the Dungeon.
             The game lasted 00:03:53 (4575 turns).

sanboga the Covered (Gargoyle Fighter)              Turns: 4575, Time: 00:03:54

Health: -8/50      AC: 22    Str: 22    XL:     8   Next: 6%
Magic:  8/8        EV:  6    Int:  9    God:    Trog [......]
Gold:   199        SH:  5    Dex:  9    Spells: 7/7 levels left

rFire   . . .      SeeInvis +   a - +0 war axe
rCold   . . .      Faith    .   c - +0 buckler
rNeg    + . .      Spirit   .   n - +0 plate armour
rPois   ∞          Reflect  .   r - +2 helmet
rElec   +          Harm     .   q - +0 cloak
rCorr   .          Rampage  .   (no gloves)
Will    .....                   (no boots)
Stlth   ..........              (no amulet)
HPRegen 0.16/turn               m - ring of see invisible
MPRegen 0.11/turn               (no ring)

@: no status effects
A: sickness immunity, AC +5, negative energy resistance 1, electricity
resistance, torment resistance 1, petrification resistance
a: Renounce Religion


You were on level 5 of the Dungeon.
You worshipped Trog.
Trog was noncommittal.
You visited 2 branches of the dungeon, and saw 6 of its levels.

You collected 199 gold pieces.

Inventory:

Hand Weapons
 a - a +0 war axe (weapon)
 b - a +1 dagger of flaming
Armour
 c - a +0 buckler (worn)
 n - a +0 plate armour (worn)
 q - a +0 cloak (worn)
 r - a +2 helmet (worn)
Jewellery
 m - a ring of see invisible (left hand)
Wands
 y - a wand of mindburst (19)
Scrolls
 e - 3 scrolls of identify {unknown}
 k - 3 scrolls of teleportation
 l - 2 scrolls of noise {unknown}
 s - a scroll of blinking {unknown}
 v - a scroll of torment {unknown}
 w - a scroll of vulnerability {unknown}
 x - a scroll of enchant armour {unknown}
Potions
 d - a potion of might
 f - 2 potions of berserk rage {unknown}
 g - a potion of haste {unknown}
 h - a potion of brilliance {unknown}
 i - 2 potions of curing {unknown}
 j - 3 potions of flight {unknown}
 o - 2 potions of cancellation {unknown}
 p - a potion of resistance {unknown}
 t - a potion of attraction {unknown}
 u - 2 potions of invisibility {unknown}
 z - a potion of lignification {unknown}


   Skills:
 + Level 5.4 Fighting
 * Level 5.3 Axes
 + Level 5.5 Armour
 + Level 5.4 Shields


You had 7 spell levels left.
You didn't know any spells.
Your spell library was empty.

Dungeon Overview and Level Annotations

Branches:
Dungeon (5/15)             Temple (1/1) D:4

Altars:
Ashenzari
Hepliaklqana
Kikubaaqudgha
Qazlal
Sif Muna
Trog
Uskayaw
Vehumet
The Shining One

Shops:
D:2 [


Innate Abilities, Weirdness & Mutations

You are immune to sickness and miasma.
Your stone body is resilient. (AC +5)
You are immune to poison.
You resist negative energy. (rN+)
You are resistant to electric shocks. (rElec)
You are resistant to unholy torment.
You are immune to petrification.


Message History

The hornet zombie hits you but does no damage.
The ogre barely misses you.
The hornet zombie hits you but does no damage.
You barely miss the hornet zombie.
The hornet zombie is lightly damaged.
You hit the ogre.
The hornet zombie hits you but does no damage.
The ogre closely misses you.
You slash the hornet zombie!
The hornet zombie is moderately damaged.
You hit the ogre. The hornet zombie hits you. You block the ogre's attack.
The hornet zombie completely misses you.
You barely miss the hornet zombie.
The hornet zombie is moderately damaged.
You closely miss the ogre.
The hornet zombie hits you but does no damage.
The ogre hits you with a +0 giant spiked club!
You hit the hornet zombie but do no damage.
The hornet zombie is moderately damaged.
You slash the ogre!
The hornet zombie hits you but does no damage. x2
The ogre hits you but does no damage.
You barely miss the ogre.
The ogre is heavily wounded.
You hit the hornet zombie.
The hornet zombie hits you but does no damage.
The ogre hits you with a +0 giant spiked club!
The hornet zombie hits you but does no damage.
You slash the hornet zombie!
The hornet zombie is severely damaged.
You barely miss the ogre.
The hornet zombie hits you but does no damage.
You block the ogre's attack.
You barely miss the hornet zombie.
The hornet zombie is severely damaged.
You slash the ogre! The hornet zombie hits you!
The hornet zombie hits you but does no damage.
The ogre hits you with a +0 giant spiked club!!
Ouch! That really hurt!
You die...

.....
#......
..... .....
#.#.#
#######$#.#
.......O#.#
../...Z@..#
########..#
#..)....#
#.#####.#
#.# .# #.#
.# #.# .#
###.# .#
#...# .#


You could see an ogre and a hornet zombie.

Vanquished Creatures
  A centaur zombie (D:5)
  A necrophage (D:4)
  A water moccasin skeleton (D:4)
  5 hounds
  A centaur skeleton (D:4)
  An orc priest (D:4)
  2 iguanas (D:4)
  Robin (D:2)
  6 adders
  An adder skeleton (D:4)
  A worm (D:4)
  A dart slug (D:4)
  3 orcs
  10 endoplasms
  3 giant cockroaches
  13 goblins
  11 hobgoblins
  2 jackals (D:3)
  7 kobolds
  3 quokkas
  5 ball pythons
  5 bats
  4 frilled lizards
  5 rats
93 creatures vanquished.

Notes
Turn   | Place    | Note
-------+----------+-------------------------------------------
     0 | D:1      | sanboga the Gargoyle Fighter began the quest for the Orb.
     0 | D:1      | Reached XP level 1. HP: 14/14 MP: 1/1
    85 | D:1      | Noticed a golden eye
   143 | D:1      | Found a faded altar of an unknown god.
   145 | D:1      | Noticed a great orb of eyes
   145 | D:1      | Noticed an eye of devastation
   145 | D:1      | Noticed an eye of devastation
   384 | D:1      | Reached XP level 2. HP: 19/19 MP: 2/2
   704 | D:1      | Reached XP level 3. HP: 22/23 MP: 3/3
  1392 | D:2      | Reached XP level 4. HP: 23/29 MP: 4/4
  1541 | D:2      | Noticed Robin
  1553 | D:2      | Killed Robin
  1554 | D:2      | Found Reynue's Antique Armour Emporium.
  2078 | D:2      | Reached XP level 5. HP: 33/33 MP: 5/5
  2833 | D:4      | Reached XP level 6. HP: 30/39 MP: 6/6
  2993 | D:4      | Noticed a necrophage
  3001 | D:4      | Killed a necrophage
  3107 | D:4      | Found a staircase to the Ecumenical Temple.
  3126 | Temple   | Entered the Ecumenical Temple
  3416 | Temple   | Became a worshipper of Trog the Wrathful
  3512 | D:4      | Reached XP level 7. HP: 40/44 MP: 7/7
  4162 | D:5      | Entered Level 5 of the Dungeon
  4295 | D:5      | Reached skill level 5 in Armour
  4307 | D:5      | Reached skill level 5 in Fighting
  4307 | D:5      | Reached skill level 5 in Axes
  4307 | D:5      | Reached skill level 5 in Shields
  4307 | D:5      | Reached XP level 8. HP: 20/50 MP: 8/8
  4575 | D:5      | Mangled by an ogre

Illustrated notes

Levels and vault maps discovered:
D:1:      dpeg_arrival_water_temple_mockup, layout_basic,
          hellmonk_ecumenical_altar_watching_god, minmay_tripent
D:2:      layout_basic, serial_shops, shop, uniq_robin
D:3:      layout_rooms
D:4:      layout_basic, temple_green, hangedman_decor_slide_cut,
          kennysheep_generic_room_16
D:5:      layout_loops_ring, grunt_ministairs_8, minmay_small_thing
Temple:   compressed_dpeg_triangle_lava_temple

Skill      XL: |  1  2  3  4  5  6  7 |
---------------+----------------------+-----
Axes           | 2 3 4 5 |  5.3
Armour         | 4 5 |  5.5
Fighting       | 4 5 |  5.4
Shields        | 4 5 |  5.4

Action                   |  1- 3 |  4- 6 |  7- 9 || total
-------------------------+-------+-------+-------++-------
Melee: War axe           |    98 |   125 |    73 ||   296
  Use: Scroll            |       |       |     1 ||     1
Armor: Scale mail        |    59 |       |       ||    59
       Plate armour      |     9 |   115 |   118 ||   242
Dodge: Dodged            |    51 |    37 |    38 ||   126
Block: Buckler           |    25 |    35 |    29 ||    89
